 Dungeon Crawl Stone Soup version 0.30-a0-591-g3c58d2bc28 (webtiles) character file.

Game seed: 14730072985774040511

111 flotson the Sneak (level 4, -2/35 HPs)
             Began as a Demonspawn Delver on Jan 4, 2023.
             Slain by a gnoll
             ... wielding a +0 flail
              (4 damage)
             ... on level 4 of the Dungeon.
             The game lasted 00:03:57 (2020 turns).

flotson the Sneak (Demonspawn Delver)               Turns: 2020, Time: 00:03:58

Health: -2/35      AC:  6    Str: 14    XL:     4   Next: 62%
Magic:  4/4        EV:  9    Int: 11    God:
Gold:   223        SH:  0    Dex: 15    Spells: 3/3 levels left

rFire   . . .      SeeInvis .    a - +2 hand axe (elec)
rCold   . . .      Faith    .    (no shield)
rNeg    . . .      Spirit   .    h - +0 scale mail
rPois   .          Reflect  .    (helmet restricted)
rElec   .          Harm     .    (no cloak)
rCorr   .          Rampage  .    (no gloves)
Will    .....                    (no boots)
Stlth   ++                       (no amulet)
HPRegen 0.25/turn                (no ring)
MPRegen 0.09/turn                (no ring)

@: no status effects
A: antennae 1, ignite blood 2
a: no special abilities


You were on level 4 of the Dungeon.
You visited 1 branch of the dungeon, and saw 5 of its levels.

You collected 223 gold pieces.

Inventory:

Hand Weapons
 a - a +2 hand axe of electrocution (weapon)
 b - the +3 mace of Disembowelment {flame, SInv}
   (You found it on level 2 of the Dungeon)

   SInv:      It lets you see invisible.
Missiles
 n - 5 javelins
 q - 6 poisoned darts (quivered)
 s - 9 boomerangs
Armour
 h - a +0 scale mail (worn)
Wands
 g - a wand of digging (3)
Scrolls
 c - a scroll of fog
 d - 2 scrolls of magic mapping
 e - a scroll of fear
 i - 2 scrolls of enchant armour {unknown}
 j - 2 scrolls of vulnerability {unknown}
 k - 4 scrolls of identify {unknown}
 o - a scroll of enchant weapon {unknown}
 r - 4 scrolls of amnesia {unknown}
Potions
 f - a potion of haste
 l - a potion of brilliance {unknown}
 m - a potion of curing {unknown}
 p - 2 potions of heal wounds {unknown}
 t - a potion of flight {unknown}
 u - 2 potions of might {unknown}


   Skills:
 + Level 3.4 Fighting
 + Level 2.3 Axes
 + Level 1.1 Throwing
 + Level 1.2 Armour
 + Level 2.2 Dodging
 + Level 4.9 Stealth
 + Level 1.2 Evocations


You had 3 spell levels left.
You didn't know any spells.
Your spell library contained the following spells:

 Spells                   Type           Power      Damage    Failure   Level
 Summon Small Mammal      Summ           0%         N/A       83%         1
 Scorch                   Fire           0%         2d5       93%         2
 Call Canine Familiar     Summ           0%         N/A       99%         3
 Summon Guardian Golem    Hex/Summ       0%         N/A       99%         3
 Flame Wave               Conj/Fire      0%         2d4       100%        4
 Summon Cactus Giant      Summ           0%         N/A       100%        6


Dungeon Overview and Level Annotations

Branches:
Dungeon (5/15)             Temple (0/1) D:5

Altars:

Shops:
D:2 [


Innate Abilities, Weirdness & Mutations

You have a pair of small antennae on your head.
Your demonic aura often causes spilled blood to erupt in flames.


Message History

No target in view! 2 gnolls come into view.
The gnoll shouts!
A gnoll comes into view. It is wielding a +0 spear.
A gnoll comes into view. It is wielding a +0 flail.
The gnoll shouts! x2
The gnoll shouts!
You hit the gnoll.
The gnoll is moderately wounded.
The gnoll closely misses you.
You hit the gnoll.
The gnoll is heavily wounded.
You hit the gnoll but do no damage. The gnoll hits you with a +0 flail.
The gnoll hits you with a +0 whip.
You hit the gnoll. Lightning courses through the gnoll!
You kill the gnoll!
You barely miss the gnoll. The gnoll hits you but does no damage.
You closely miss the gnoll.
The gnoll hits you from afar with a +0 spear.
The gnoll hits you with a +0 whip.
You hit the gnoll but do no damage.
The gnoll hits you from afar with a +0 spear.
The gnoll barely misses you. x2; The gnoll hits you but does no damage.
You are too injured to fight recklessly!
You are too injured to fight recklessly!
You are too injured to fight recklessly!
You are too injured to fight recklessly!
You are too injured to fight recklessly!
You are too injured to fight recklessly!
You are too injured to fight recklessly!
You are too injured to fight recklessly!
The gnoll attacks as you move away! The gnoll barely misses you.
The gnoll hits you with a +0 flail. The gnoll attacks as you move away!
The gnoll barely misses you. The gnoll attacks as you move away!
The gnoll hits you with a +0 whip.
* * * LOW HITPOINT WARNING * * *
The gnoll attacks as you move away! The gnoll hits you with a +0 flail.
* * * LOW HITPOINT WARNING * * *
The gnoll attacks as you move away! The gnoll hits you with a +0 flail.
You die...

.............. ...#
.#.##.######## #..#
.#.##.# #..# .#.##.#
#).# .#.##.#####
#..# ..........#
#.g# ......###.#
#☼g#
.......##.#######g.#
...###.##.......@..#
#### #.......†....##
####..######## #..#
#..# #..# #..# #..#
#..#


You could see 3 gnolls.

Vanquished Creatures
  5 gnolls
  2 adders
  An orc (D:3)
  A bat (D:1)
  2 endoplasms
  3 giant cockroaches
  4 goblins (D:1)
  6 hobgoblins
  3 quokkas
  7 ball pythons
  3 frilled lizards
  2 kobolds
  6 rats
45 creatures vanquished.

Vanquished Creatures (others)
  5 toadstools (D:4)
5 creatures vanquished.

Grand Total: 50 creatures vanquished

Notes
Turn   | Place    | Note
-------+----------+-------------------------------------------
     0 | D:5      | flotson the Demonspawn Delver began the quest for the Orb.
     0 | D:5      | Reached XP level 1. HP: 18/18 MP: 1/1
    53 | D:5      | Found a staircase to the Ecumenical Temple.
    53 | D:5      | Noticed an iguana
    88 | D:5      | Noticed a scorpion
    90 | D:5      | Noticed an ogre
   119 | D:3      | Found a faded altar of an unknown god.
   134 | D:2      | Identified the +3 mace of Disembowelment {flame, SInv}
   332 | D:2      | Found Lyiwac's Armour Shop.
   481 | D:1      | Gained mutation: You have a pair of small antennae on your
                  | head. [demonic ancestry]
   481 | D:1      | Reached XP level 2. HP: 24/24 MP: 2/2
  1029 | D:2      | Gained mutation: Your demonic aura sometimes causes spilled
                  | blood to erupt in flames. [demonic ancestry]
  1029 | D:2      | Reached XP level 3. HP: 29/29 MP: 3/3
  1358 | D:2      | Reached skill level 1 in Evocations
  1464 | D:3      | Reached skill level 1 in Armour
  1474 | D:3      | Gained mutation: Your demonic aura often causes spilled
                  | blood to erupt in flames. [demonic ancestry]
  1474 | D:3      | Reached XP level 4. HP: 21/35 MP: 4/4
  1989 | D:4      | Reached skill level 1 in Throwing
  2020 | D:4      | Slain by a gnoll

Illustrated notes

Levels and vault maps discovered:
D:1:      dpeg_arrival_round_a, layout_rooms, minmay_pentomino_q2
D:2:      layout_basic, serial_shops, nicolae_shop_stone
D:3:      layout_rooms, ebering_ecumenical_altar_webs
D:4:      layout_loops_ring, serial_glass, glass_columns_a, glass_columns_a,
          minmay_gold_behind_fungi, supply_closet_lemuel, uniq_natasha,
          uniq_blork_the_orc
D:5:      layout_loops_corners, mainiacjoe_overflow_six_doors_small,
          minmay_temple_entry_offerings, uniq_edmund, uniq_sigmund, uniq_ijyb,
          uniq_prince_ribbit1

Skill      XL: |  1  2  3  4 |
---------------+-------------+-----
Axes           | 2 |  2.3
Dodging        | 2 |  2.2
Evocations     | 1 |  1.2
Armour         | 1 |  1.2
Throwing       | 1 |  1.1
Fighting       | |  3.4
Stealth        | |  4.9

Action                   |  1- 3 |  4- 6 || total
-------------------------+-------+-------++-------
Melee: Mace              |    15 |       ||    15
       Hand axe          |    69 |    25 ||    94
       Punch             |     1 |     1 ||     2
Throw: Dart              |     6 |       ||     6
 Stab: Sleeping          |     2 |     1 ||     3
       Distracted        |       |     1 ||     1
Armor: Scale mail        |    32 |    14 ||    46
Dodge: Dodged            |    56 |    16 ||    72

Table legend: (Time is in decaauts)
 A = Elapsed time spent in this place.
 B = Non-inter-level travel time spent in this place.
 C = Inter-level travel time spent in this place.
 D = Time resting spent in this place.
 E = Time spent auto-exploring this place.
 F = Levels seen in this place.
 G = Mean time per level.
                   A        B        C        D        E       F      G
               +--------+--------+--------+--------+--------+-----+--------+
         Total |   2044 |   1986 |     58 |    111 |   1427 |   5 |  408.8 |
       Dungeon |   2044 |   1986 |     58 |    111 |   1427 |   5 |  408.8 |
               +--------+--------+--------+--------+--------+-----+--------+

Top non-repeatable levels by time:
     D:2: 658 daAuts
     D:1: 634 daAuts
     D:3: 479 daAuts
     D:4: 162 daAuts
     D:5: 109 daAuts
